[Event "Titled Tuesday Blitz October 5 2021"]
[White "Mickiewicz, Piotr"]
[Black "Kovalchuk94"]
[WhiteFideId "1114891"]
[WhiteElo "2251"]
[BlackElo "2697"]
[Result "1/2-1/2"]
[Round "02"]
[TimeControl "180+1"]
[Date "2021.10.05"]
[WhiteClock "0:00:11"]
[BlackClock "0:00:10"]

1. e4 e5 2. Nf3 Nf6 3. Nxe5 d6 4. Nf3 Nxe4 5. d3 Nf6 6. d4 d5 7. Bd3 Bd6 8. Qe2+ Be6 9. Ng5 Qe7 10. Nxe6 fxe6 11. c4 dxc4 12. Bxc4 Nc6 13. Be3 e5 14. Bb5 exd4 15. Bxc6+ bxc6 16. Bxd4 Qxe2+ 17. Kxe2 Kd7 18. Nd2 Rhe8+ 19. Be3 Nd5 20. Rhd1 Nxe3 21. fxe3 Bxh2 22. Nc4+ Bd6 23. Rd4 Re6 24. Rad1 Rae8 25. b3 Rg6 26. g4 Rh6 27. Rf1 Rh2+ 28. Rf2 Rxf2+ 29. Kxf2 Re6 30. Kf3 Rf6+ 31. Kg2 Rh6 32. Ne5+ Ke6 33. Nf3 Rg6 34. Re4+ Kd7 35. Kf2 Rf6 36. Ke2 h6 37. Ra4 Re6 38. Rxa7 Bc5 39. Ra5 Rxe3+ 40. Kd2 Rxf3 41. Rxc5 Rf2+ 42. Ke3 Rxa2 43. g5 Ra3 44. gxh6 Rxb3+ 45. Kd2 gxh6 46. Rh5 Kc8 47. Kc2 Rg3 48. Rxh6 Kb7 49. Rh8 c5 50. Rh6 c6 51. Rh8 Rf3 52. Rg8 Kb6 53. Rb8+ Kc7 54. Rh8 Re3 55. Rg8 Kb6 56. Rb8+ Kc7 57. Rg8 Kd6 58. Rg5 c4 59. Kd2 Rd3+ 60. Kc2 Rd5 61. Rg8 Kc5 62. Rh8 Rg5 63. Rf8 Rh5 64. Rg8 Rh3 65. Rg7 Kb5 66. Rg8 c3 67. Kb3 c5 68. Rb8+ Kc6 69. Rg8 Kd5 70. Rg5+ Kc6 71. Rg8 Rd3 72. Rg7 Kb5 73. Rb7+ Kc6 74. Rb8 Kd5 75. Re8 c4+ 76. Kc2 Kc5 77. Rc8+ Kd4 78. Rd8+ Ke4 79. Re8+ Kf3 80. Rf8+ Ke2 81. Re8+ Kf3 82. Rf8+ Ke4 83. Re8+ Kd5 84. Rd8+ Kc5 85. Rxd3 cxd3+ 86. Kxd3 Kb4 87. Kc2 Kc4 88. Kc1 Kb3 89. Kb1 Kc4 90. Kc2 Kd4 91. Kc1 Kd3 92. Kd1 Kd4 93. Kc2 Kc4 94. Kc1 Kb4 95. Kc2 Kc4 1/2-1/2


[Site "https://www.chess.com"]

[Event "Titled Tuesday Blitz October 5 2021"]
[White "Nesterov, Arseniy"]
[Black "Suleymanli, Suleyman"]
[WhiteFideId "24198455"]
[BlackFideId "13416375"]
[WhiteElo "2494"]
[BlackElo "1594"]
[Result "1-0"]
[Round "02"]
[TimeControl "180+1"]
[Date "2021.10.05"]
[WhiteClock "0:02:02"]
[BlackClock "0:01:59"]

1. d4 d5 2. c4 dxc4 3. Nf3 Nf6 4. e3 e6 5. Bxc4 c5 6. O-O a6 7. b3 b5 8. Be2 Bb7 9. Bb2 Nbd7 10. a4 b4 11. Nbd2 cxd4 12. Nxd4 Bd6 13. Nc4 Bc7 14. Bf3 Nd5 15. Nf5 Rg8 16. Nfd6+ Bxd6 17. Nxd6+ Ke7 18. Nxb7 Qb6 19. Bxd5 Rab8 20. Bd4 Qc7 21. Rc1 1-0


[Site "https://www.chess.com"]

[Event "Titled Tuesday Blitz October 5 2021"]
[White "Niedbala, Bartlomiej"]
[Black "Pridorozhni, Aleksei"]
[WhiteFideId "21834008"]
[BlackFideId "4127870"]
[WhiteElo "2179"]
[BlackElo "2565"]
[Result "0-1"]
[Round "02"]
[TimeControl "180+1"]
[Date "2021.10.05"]
[WhiteClock "0:01:11"]
[BlackClock "0:01:56"]

1. d4 d6 2. Nf3 Bg4 3. e3 Nd7 4. h3 Bh5 5. Be2 c6 6. c4 e5 7. Nc3 Ngf6 8. O-O Be7 9. b4 O-O 10. b5 Re8 11. a4 e4 12. Nd2 Bxe2 13. Qxe2 Bf8 14. a5 a6 15. b6 d5 16. Ba3 Bxa3 17. Rxa3 Nf8 18. cxd5 cxd5 19. Na4 Ne6 20. Nb3 Nd7 21. Raa1 Rc8 22. Rac1 Qe7 23. Qa2 h5 24. Rxc8 Rxc8 25. Rc1 Rxc1+ 26. Nxc1 Qb4 27. Qc2 Kh7 28. Qc8 Qxa4 29. Nb3 Qc6 30. Qxc6 bxc6 31. b7 Kg6 32. Nc5 Nexc5 33. dxc5 Kf6 34. g4 hxg4 35. hxg4 Ke7 36. Kg2 Kd8 37. Kg3 Kc7 38. Kf4 Kxb7 39. g5 0-1


[Site "https://www.chess.com"]

[Event "Titled Tuesday Blitz October 5 2021"]
[White "Odinaev, Timur"]
[Black "Mekhitarian, Krikor Sevag"]
[WhiteFideId "4163770"]
[BlackFideId "2107660"]
[WhiteElo "2306"]
[BlackElo "2598"]
[Result "0-1"]
[Round "02"]
[TimeControl "180+1"]
[Date "2021.10.05"]
[WhiteClock "0:00:21"]
[BlackClock "0:00:25"]

1. e4 c5 2. Nf3 e6 3. d4 cxd4 4. Nxd4 Nc6 5. Nc3 a6 6. Nxc6 bxc6 7. Bd3 d5 8. O-O Qc7 9. Qf3 Bd6 10. exd5 cxd5 11. Re1 Ne7 12. Qh5 Bb7 13. Bg5 h6 14. Rxe6 O-O 15. Ree1 Ng6 16. Bd2 Bf4 17. Bxf4 Nxf4 18. Qe5 Qxe5 19. Rxe5 d4 20. Ne4 f5 21. Nd6 Bxg2 22. Bxf5 Bc6 23. Be4 Rad8 24. Bxc6 Rxd6 25. Bg2 Rg6 0-1


[Site "https://www.chess.com"]

[Event "Titled Tuesday Blitz October 5 2021"]
[White "Oparin, Grigoriy"]
[Black "Grieve, Harry"]
[WhiteFideId "24125890"]
[BlackFideId "426520"]
[WhiteElo "2604"]
[BlackElo "2208"]
[Result "1-0"]
[Round "02"]
[TimeControl "180+1"]
[Date "2021.10.05"]
[WhiteClock "0:01:35"]
[BlackClock "0:00:04"]

1. g3 g6 2. Bg2 Bg7 3. c4 f5 4. Nc3 Nf6 5. d3 O-O 6. Nf3 d6 7. O-O e5 8. e4 Nc6 9. Bg5 Be6 10. Nd5 Qd7 11. exf5 Bxf5 12. Nh4 Bg4 13. Qd2 Rae8 14. Be3 Nd8 15. Rae1 c6 16. Nc3 Ne6 17. h3 Bh5 18. g4 Bxg4 19. hxg4 Nxg4 20. Bh3 Qe7 21. Ng2 Nf6 22. d4 Nh5 23. dxe5 dxe5 24. Ne4 Nhf4 25. Bxe6+ Nxe6 26. Qd6 Qf7 27. Qd3 Qf3 28. Qc2 Rf5 29. Ng3 Ref8 30. Qe4 Qxe4 31. Nxe4 Nf4 32. Nxf4 exf4 33. Bc5 Rd8 34. f3 Bxb2 35. Rd1 Rxd1 36. Rxd1 Rf7 37. Bxa7 b5 38. cxb5 cxb5 39. Bc5 Ra7 40. Bxa7 1-0


[Site "https://www.chess.com"]

[Event "Titled Tuesday Blitz October 5 2021"]
[White "Ozen, Bahadir"]
[Black "Bristy, Mukherjee"]
[WhiteFideId "6337058"]
[BlackFideId "25077325"]
[WhiteElo "2503"]
[BlackElo "1661"]
[Result "1-0"]
[Round "02"]
[TimeControl "180+1"]
[Date "2021.10.05"]
[WhiteClock "0:01:23"]
[BlackClock "0:00:46"]

1. e4 g6 2. d4 Bg7 3. Nf3 c5 4. d5 d6 5. Bb5+ Bd7 6. a4 a6 7. Be2 Nf6 8. Nc3 O-O 9. O-O Qa5 10. Bd2 Qb6 11. a5 Qc7 12. h3 h5 13. Re1 Nh7 14. Bc4 b5 15. axb6 Qxb6 16. Ra3 a5 17. e5 Na6 18. Bxa6 Qxa6 19. Qa1 Qb6 20. Ne4 Bf5 21. Bxa5 Qb7 22. c4 Rfb8 23. Bc3 Rxa3 24. bxa3 Qb3 25. Nfd2 Qc2 26. exd6 Bxc3 27. Qxc3 Qxc3 28. Nxc3 exd6 29. Nb5 Rb6 30. Re8+ Kg7 31. Rd8 Ra6 32. Rxd6 Ra4 33. Rc6 Nf6 34. Rxc5 Ne4 35. Nxe4 Bxe4 36. Nc3 1-0


[Site "https://www.chess.com"]

[Event "Titled Tuesday Blitz October 5 2021"]
[White "Paltrinieri, Nicholas"]
[Black "Sarana, Alexey"]
[WhiteFideId "828262"]
[BlackFideId "24133795"]
[WhiteElo "2254"]
[BlackElo "2671"]
[Result "0-1"]
[Round "02"]
[TimeControl "180+1"]
[Date "2021.10.05"]
[WhiteClock "0:00:07"]
[BlackClock "0:00:02"]

1. d4 Nf6 2. Bg5 d5 3. Bxf6 gxf6 4. c4 e6 5. e3 c5 6. Nc3 dxc4 7. Bxc4 cxd4 8. exd4 Nc6 9. d5 exd5 10. Nxd5 Be6 11. Ne2 Bg7 12. O-O O-O 13. Nef4 Ne5 14. Bb3 Re8 15. Qh5 Ng6 16. Rad1 f5 17. Rfe1 Bxd5 18. Nxd5 Rxe1+ 19. Rxe1 Qa5 20. Rd1 Re8 21. Ne3 Bxb2 22. g3 Bf6 23. Rd7 Re7 24. Rxe7 Bxe7 25. Nxf5 Qe1+ 26. Kg2 Bf8 27. Qf3 Qe8 28. Qd5 b6 29. h4 Ne5 30. Kg1 Ng4 31. Qf3 Ne5 32. Qe3 Qb5 33. h5 h6 34. Nxh6+ Bxh6 35. Qxh6 Qe2 36. Qg5+ Kh7 37. Qf5+ Kg7 38. Qg5+ Kh7 39. Qf5+ Kh6 40. Kg2 Qxh5 41. Qf6+ Kh7 42. f4 Qf3+ 43. Kh3 Qh1# 0-1


[Site "https://www.chess.com"]

[Event "Titled Tuesday Blitz October 5 2021"]
[White "Perez Rodriguez, Luis Manuel"]
[Black "Boyer, Mahel"]
[WhiteFideId "3503364"]
[BlackFideId "45102422"]
[WhiteElo "2429"]
[BlackElo "2328"]
[Result "1-0"]
[Round "02"]
[TimeControl "180+1"]
[Date "2021.10.05"]
[WhiteClock "0:01:56"]
[BlackClock "0:01:12"]

1. e4 Nc6 2. Nf3 d5 3. exd5 Qxd5 4. Be2 Bg4 5. h3 Bh5 6. d4 O-O-O 7. c4 Qa5+ 8. Bd2 Qb6 9. c5 Qxb2 10. Bc3 Qxa1 11. Bxa1 e5 12. Nxe5 Bxe2 13. Qxe2 Nxe5 14. Qxe5 Nf6 15. O-O Re8 16. Qf5+ Kb8 17. Nd2 c6 18. Nc4 Re6 19. Ne5 g6 20. Qf4 Ka8 21. Nxf7 Rg8 22. Ng5 Nd5 23. Qf7 Nf4 24. Nxe6 Ne2+ 25. Kh1 Ng3+ 26. fxg3 1-0


[Site "https://www.chess.com"]

[Event "Titled Tuesday Blitz October 5 2021"]
[White "Petesch, Gabriel"]
[Black "Shkapenko, Pavel"]
[WhiteFideId "2032465"]
[BlackFideId "4151933"]
[WhiteElo "2374"]
[BlackElo "2386"]
[Result "1-0"]
[Round "02"]
[TimeControl "180+1"]
[Date "2021.10.05"]
[WhiteClock "0:00:03"]
[BlackClock "0:00:03"]

1. Nf3 Nf6 2. g3 d5 3. Bg2 c6 4. b3 Bg4 5. Bb2 Nbd7 6. O-O e6 7. d3 Be7 8. Nbd2 O-O 9. c4 a5 10. Qc2 a4 11. Rfd1 b5 12. Nd4 Qb6 13. Rac1 a3 14. Ba1 b4 15. cxd5 cxd5 16. N2f3 Bc5 17. Rf1 e5 18. h3 Bxf3 19. Nxf3 e4 20. dxe4 dxe4 21. Ng5 e3 22. f4 Rac8 23. Qf5 h6 24. Ne4 Rc7 25. Nxf6+ Nxf6 26. Bxf6 Qxf6 27. Qxf6 gxf6 28. Rc4 Bd6 29. Rfc1 Rxc4 30. Rxc4 Rd8 31. Be4 h5 32. Kg2 h4 33. Bd3 hxg3 34. Kxg3 Kg7 35. Re4 Bc5 36. Rc4 Bd6 37. Kf3 Re8 38. Bf5 Re7 39. Re4 Rxe4 40. Bxe4 Bc5 41. Bf5 Kh6 42. Bg4 Kg6 43. Ke4 Kg7 44. Kd5 Be7 45. Kd4 f5 46. Bxf5 Kf6 47. Bg4 Bd6 48. Kxe3 Bc5+ 49. Kf3 Kg6 50. e4 f6 51. h4 Bd4 52. h5+ Kh6 53. Ke2 Bb2 54. Kf3 Bc3 55. Kg3 Bd2 56. Bf3 Bc1 57. Kg4 Bd2 58. Kf5 Kg7 59. e5 fxe5 60. fxe5 Kf7 61. e6+ Ke7 62. Bg4 Be3 63. Kg6 Bd4 64. Kh7 Kf8 65. h6 Bf6 66. Kg6 Ke7 67. Kh7 Kf8 68. Bf3 Ke7 69. Kg8 Be5 70. Bg4 1-0


[Site "https://www.chess.com"]

[Event "Titled Tuesday Blitz October 5 2021"]
[White "Riazantsev, Alexander"]
[Black "Bazarov, Konstantin"]
[WhiteFideId "4125029"]
[BlackFideId "4137000"]
[WhiteElo "2497"]
[BlackElo "2084"]
[Result "1-0"]
[Round "02"]
[TimeControl "180+1"]
[Date "2021.10.05"]
[WhiteClock "0:00:03"]
[BlackClock "0:00:04"]

1. d4 d5 2. Nf3 c6 3. c4 Nf6 4. Nc3 a6 5. e3 Bf5 6. Ne5 h6 7. Qb3 Ra7 8. cxd5 cxd5 9. Bd2 e6 10. Rc1 Bd6 11. Bb5+ Ke7 12. Be2 Nbd7 13. f4 Re8 14. Na4 Kf8 15. Bb4 Bxb4+ 16. Qxb4+ Kg8 17. O-O Nxe5 18. fxe5 Nd7 19. Rf2 b5 20. Nc5 Rc7 21. Qd2 Nxc5 22. dxc5 Be4 23. b4 Qg5 24. Qd4 Rf8 25. Bf3 Bg6 26. Rcf1 Rb8 27. h4 Qd8 28. Be2 Ra7 29. Rf4 a5 30. a3 axb4 31. axb4 Re7 32. Bd3 Bxd3 33. Qxd3 Ra7 34. Qe2 Qe8 35. Rg4 Kh8 36. Qf2 Rbb7 37. e4 dxe4 38. Rxe4 Rd7 39. Rf4 Rac7 40. Qe2 Qb8 41. Qh5 Kg8 42. Rg4 Kh8 43. Kh2 Qd8 44. Rf6 Qf8 45. Rgg6 Kg8 46. Rg3 Kh7 47. Rf4 g6 48. Qe2 h5 49. Qxb5 Qh6 50. Rgf3 Qg7 51. Qf1 Re7 52. Qe2 Kg8 53. Qe3 Red7 54. b5 Rd5 55. Rc4 Rxe5 56. Qf2 Rd5 57. b6 Qe5+ 58. g3 Rcxc5 59. Rxc5 Rxc5 60. Rb3 Rb5 61. Rxb5 Qxb5 62. Qd4 Qb3 63. Kg2 Qc2+ 64. Kf3 Qf5+ 65. Ke3 Qb5 66. Qd8+ Kg7 67. Qd4+ e5 68. Qd6 Qb2 69. Ke4 f5+ 70. Kd5 Qd4+ 71. Ke6 e4 72. Qxd4+ 1-0


[Site "https://www.chess.com"]

[Event "Titled Tuesday Blitz October 5 2021"]
[White "Rustemov, Alexander"]
[Black "Seemann, Jakub"]
[WhiteFideId "4119002"]
[BlackFideId "21874697"]
[WhiteElo "2792"]
[BlackElo "1915"]
[Result "1-0"]
[Round "02"]
[TimeControl "180+1"]
[Date "2021.10.05"]
[WhiteClock "0:00:45"]
[BlackClock "0:00:02"]

1. d4 Nf6 2. c4 c6 3. Nc3 d5 4. e3 e6 5. Nf3 Nbd7 6. Qc2 Bd6 7. Bd2 O-O 8. O-O-O Qc7 9. e4 dxe4 10. Nxe4 Nxe4 11. Qxe4 Nf6 12. Qh4 c5 13. Bd3 cxd4 14. Bg5 Re8 15. Bxf6 gxf6 16. Qxh7+ Kf8 17. Nxd4 Bd7 18. Rhe1 Be5 19. Nf3 Bf4+ 20. Kb1 Bc6 21. Be4 Rad8 22. g3 Be5 23. Nxe5 Qxe5 24. Bxc6 Rxd1+ 25. Rxd1 bxc6 26. Qd3 Kg7 27. Qe3 Qxe3 28. fxe3 Rh8 29. Rd2 Kg6 30. e4 Kg5 31. Kc2 Kg4 32. b4 Kf3 33. Kc3 Kxe4 34. a4 f5 35. b5 c5 36. a5 e5 37. Re2+ Kf3 38. Rxe5 Rxh2 39. Rxf5+ Kxg3 40. Rxf7 Rf2 41. Rxf2 Kxf2 42. b6 1-0


[Site "https://www.chess.com"]

[Event "Titled Tuesday Blitz October 5 2021"]
[White "Sadovsky, Artem"]
[Black "Timofeev, Artyom"]
[WhiteFideId "4155840"]
[BlackFideId "4140419"]
[WhiteElo "2370"]
[BlackElo "2591"]
[Result "0-1"]
[Round "02"]
[TimeControl "180+1"]
[Date "2021.10.05"]
[WhiteClock "0:00:38"]
[BlackClock "0:01:51"]

1. f4 d5 2. Nf3 Nf6 3. g3 g6 4. Bg2 Bg7 5. O-O O-O 6. d3 b6 7. Nbd2 Bb7 8. Ne5 Nbd7 9. c4 Nxe5 10. fxe5 Ng4 11. Nf3 Nxe5 12. Nxe5 Bxe5 13. Bh6 Bg7 14. Bxg7 Kxg7 15. cxd5 Bxd5 16. Qc2 Bxg2 17. Kxg2 c5 18. Qc3+ Kg8 19. Rf3 Qd5 20. a4 Rad8 21. Rf1 Qd4 22. Rf4 Qxc3 23. bxc3 f5 24. a5 Kg7 25. axb6 axb6 26. Rb1 Rd6 27. Ra4 Re6 28. Kf3 Rd8 29. Ra6 Rdd6 30. c4 g5 31. Ra7 Kf6 32. Rb7 h5 33. h4 g4+ 34. Kf2 Kf7 35. Rb8 Rf6 36. Ke3 Rde6+ 37. Kd2 f4 38. gxf4 Rxf4 39. R8xb6 Rxb6 40. Rxb6 g3 41. Rb5 g2 0-1


[Site "https://www.chess.com"]

[Event "Titled Tuesday Blitz October 5 2021"]
[White "Sadykov, Ramil"]
[Black "Holt, Conrad"]
[WhiteFideId "24113590"]
[BlackFideId "2034387"]
[WhiteElo "2300"]
[BlackElo "2586"]
[Result "0-1"]
[Round "02"]
[TimeControl "180+1"]
[Date "2021.10.05"]
[WhiteClock "0:00:07"]
[BlackClock "0:00:11"]

1. d4 d5 2. Nc3 Nf6 3. Bf4 a6 4. e3 Bg4 5. f3 Bf5 6. g4 Bg6 7. h4 h6 8. h5 Bh7 9. Bd3 Bxd3 10. Qxd3 e6 11. O-O-O Nbd7 12. Nge2 c5 13. e4 c4 14. Qe3 dxe4 15. fxe4 Qa5 16. Qg3 Bb4 17. a3 Be7 18. Bd6 Qg5+ 19. Bf4 Qxg4 20. Qxg4 Nxg4 21. Rhg1 Ngf6 22. Rxg7 Nxh5 23. Rg4 Nxf4 24. Nxf4 Bg5 25. Rh1 O-O-O 26. e5 f5 27. exf6 Nxf6 28. Rxg5 hxg5 29. Rxh8 Rxh8 30. Nxe6 g4 31. Kd2 Rh2+ 32. Ne2 g3 33. Ke3 Ng4+ 34. Kf3 Rxe2 35. Nf4 Rxc2 36. Kxg4 g2 37. Nh3 Rc1 0-1


[Site "https://www.chess.com"]

[Event "Titled Tuesday Blitz October 5 2021"]
[White "Sahil, Tickoo"]
[Black "Djordjevic, Vuk"]
[WhiteFideId "5019710"]
[BlackFideId "902098"]
[WhiteElo "2099"]
[BlackElo "2463"]
[Result "0-1"]
[Round "02"]
[TimeControl "180+1"]
[Date "2021.10.05"]
[WhiteClock "0:00:08"]
[BlackClock "0:00:31"]

1. d4 Nf6 2. Bf4 d5 3. e3 e6 4. Nd2 Bd6 5. Bg3 O-O 6. Ngf3 c5 7. c3 Qc7 8. Bd3 Nbd7 9. O-O e5 10. dxe5 Nxe5 11. Nxe5 Bxe5 12. Qf3 Bg4 13. Bxe5 Qxe5 14. Qg3 Qe7 15. Rfe1 Rfe8 16. Rac1 Rad8 17. a3 Bh5 18. h3 Bg6 19. Bxg6 hxg6 20. Rcd1 d4 21. cxd4 cxd4 22. Nf1 d3 23. f3 Qe6 24. Rd2 Rd7 25. Red1 Red8 26. Qf2 Qe5 27. e4 Nh5 28. g3 f5 29. exf5 gxf5 30. Kg2 Rd6 31. Qe3 Qb5 32. Qg5 g6 33. g4 Ng7 34. Ng3 Qe8 35. gxf5 Qf7 36. f6 Rxf6 37. Rxd3 Rxd3 38. Rxd3 Ne6 39. Qd5 Nf4+ 0-1


[Site "https://www.chess.com"]

[Event "Titled Tuesday Blitz October 5 2021"]
[White "Salinas Herrera, Pablo"]
[Black "Koellner, Ruben Gideon"]
[WhiteFideId "3407128"]
[BlackFideId "12993093"]
[WhiteElo "2541"]
[BlackElo "2548"]
[Result "0-1"]
[Round "02"]
[TimeControl "180+1"]
[Date "2021.10.05"]
[WhiteClock "0:00:10"]
[BlackClock "0:00:41"]

1. e4 d6 2. d4 Nf6 3. Nc3 e5 4. Nf3 Nbd7 5. g4 d5 6. dxe5 Nxe4 7. Nxd5 Nb6 8. c4 c6 9. Ne3 Qxd1+ 10. Nxd1 Bxg4 11. Be2 Bb4+ 12. Kf1 O-O-O 13. Kg2 Nd2 14. a3 Nxf3 15. Bxf3 Bxf3+ 16. Kxf3 Bd2 17. Rg1 g6 18. c5 Nc4 19. Ke4 Rd5 20. f4 Rhd8 21. b3 Na5 22. Bxd2 Rxd2 23. Rb1 R2d3 24. e6 f6 0-1


[Site "https://www.chess.com"]

[Event "Titled Tuesday Blitz October 5 2021"]
[White "Sasikiran, Krishnan"]
[Black "Martinez Reyes, Pedro Ramon"]
[WhiteFideId "5004985"]
[BlackFideId "3901807"]
[WhiteElo "2552"]
[BlackElo "2410"]
[Result "1/2-1/2"]
[Round "02"]
[TimeControl "180+1"]
[Date "2021.10.05"]
[WhiteClock "0:00:14"]
[BlackClock "0:00:20"]

1. e4 e6 2. d4 d5 3. Nc3 Nf6 4. e5 Ne4 5. Nxe4 dxe4 6. Bc4 Qd7 7. a4 c5 8. d5 exd5 9. Qxd5 Nc6 10. Bf4 Qf5 11. Qd2 Be6 12. Bxe6 fxe6 13. Ne2 Rd8 14. Qe3 Nd4 15. Rc1 Nxe2 16. Kxe2 Be7 17. Rhd1 Qg4+ 18. Ke1 Rxd1+ 19. Rxd1 Qxg2 20. Qg3 Qxg3 21. hxg3 g5 22. Be3 h5 23. Kf1 h4 24. Kg2 h3+ 25. Kh2 g4 26. Ra1 Rg8 27. Ra3 Bg5 28. Bxc5 b6 29. Bd4 Rf8 30. a5 e3 31. fxe3 Rf2+ 32. Kh1 bxa5 33. Rxa5 Re2 34. Ra3 Rxc2 35. Rxa7 Rc1+ 36. Kh2 Rc2+ 37. Kh1 Re2 38. Ra4 Re1+ 39. Kh2 Re2+ 40. Kh1 Re1+ 41. Kh2 Re2+ 42. Kh1 1/2-1/2


[Site "https://www.chess.com"]

[Event "Titled Tuesday Blitz October 5 2021"]
[White "Schmakel, Sam"]
[Black "Abdusattorov, Nodirbek"]
[WhiteFideId "2039311"]
[BlackFideId "14204118"]
[WhiteElo "2356"]
[BlackElo "2690"]
[Result "0-1"]
[Round "02"]
[TimeControl "180+1"]
[Date "2021.10.05"]
[WhiteClock "0:00:01"]
[BlackClock "0:01:15"]

1. Nf3 Nf6 2. g3 c5 3. Bg2 Nc6 4. O-O e5 5. c4 d5 6. cxd5 Nxd5 7. Nc3 Nxc3 8. bxc3 Be7 9. d3 O-O 10. a4 Be6 11. Nd2 Qc7 12. a5 Nxa5 13. Qa4 Nc6 14. Bxc6 bxc6 15. Ba3 a5 16. Ne4 c4 17. Bxe7 Qxe7 18. dxc4 f5 19. Nd2 Qc5 20. Qa3 Qxa3 21. Rxa3 a4 22. Rfa1 Rfd8 23. Nf3 Bxc4 24. Nxe5 Bxe2 25. Nxc6 Rd1+ 26. Rxd1 Bxd1 27. Ne7+ Kf7 28. Nxf5 Ke6 29. Nd4+ Kd5 30. Kf1 Kc4 31. Ke1 Bg4 32. Kd2 Bd7 33. Ra1 a3 34. Nc2 a2 35. Nb4 Kb3 36. Kd3 Bf5+ 37. Kd4 Bb1 38. Nxa2 Bxa2 39. c4 Ra4 40. Kd5 Kb2 41. Re1 Bxc4+ 42. Kd6 Bd3 43. Re7 g5 44. Rg7 g4 45. Ke5 Kc3 46. Kf6 Kd2 47. Re7 Ra5 48. Kg7 Rf5 49. Kxh7 Rf7+ 0-1


[Site "https://www.chess.com"]

[Event "Titled Tuesday Blitz October 5 2021"]
[White "Seo, Jung Min"]
[Black "Al-Tarboush, Ward"]
[WhiteFideId "1734687"]
[BlackFideId "7601450"]
[WhiteElo "2486"]
[BlackElo "2296"]
[Result "1-0"]
[Round "02"]
[TimeControl "180+1"]
[Date "2021.10.05"]
[WhiteClock "0:00:18"]
[BlackClock "0:00:01"]

1. d4 d5 2. c4 c6 3. Nf3 Nf6 4. e3 e6 5. Bd3 Nbd7 6. Nbd2 c5 7. cxd5 Nxd5 8. O-O cxd4 9. exd4 Be7 10. Ne4 O-O 11. a3 b6 12. Qe2 Bb7 13. Bd2 Rc8 14. Rfd1 N7f6 15. Ne5 Rc7 16. Rac1 Rxc1 17. Rxc1 Qa8 18. Nxf6+ Nxf6 19. g3 Rc8 20. Re1 Bd5 21. Bg5 h6 22. Bd2 Bd6 23. Bf4 Bh1 24. f3 Bxe5 25. dxe5 Bxf3 26. Qd2 Nd5 27. Bxh6 f5 28. exf6 Nxf6 29. Bxg7 Kxg7 30. Qg5+ Kf7 31. Qg6+ Ke7 32. Qg7+ Kd6 33. Qxf6 Qd5 34. Qf4+ Kd7 35. Qe3 Bh1 36. Bf1 Rf8 37. Qd3 Rxf1+ 38. Qxf1 Bf3 39. Qf2 1-0


[Site "https://www.chess.com"]

[Event "Titled Tuesday Blitz October 5 2021"]
[White "Sharapov, Evgeny"]
[Black "Karolczuk, Iwo"]
[WhiteFideId "14103133"]
[BlackFideId "21816972"]
[WhiteElo "2367"]
[BlackElo "2093"]
[Result "0-1"]
[Round "02"]
[TimeControl "180+1"]
[Date "2021.10.05"]
[WhiteClock "0:00:10"]
[BlackClock "0:00:08"]

1. e4 g6 2. d4 Bg7 3. Nc3 c6 4. f4 d5 5. e5 h5 6. Nf3 Nh6 7. Be3 Bg4 8. Be2 Nf5 9. Bf2 e6 10. O-O Nd7 11. Qd2 a6 12. a4 Rc8 13. a5 c5 14. dxc5 Nxc5 15. Rfd1 O-O 16. h3 Bxf3 17. Bxf3 f6 18. exf6 Qxf6 19. Re1 Nd6 20. Nxd5 exd5 21. Qxd5+ Nf7 22. Bxc5 Rfd8 23. Qc4 Qxb2 24. Rab1 Qc3 25. Qxc3 Bxc3 26. Bb6 Bxe1 27. Bxd8 Bd2 28. Bb6 Nd6 29. g3 Rxc2 30. Rd1 h4 31. Bd5+ Kf8 32. Bb3 Rb2 33. Bc5 Ke7 34. Bd4 Rxb3 35. Rxd2 Rxg3+ 36. Kh2 Nf5 37. Bc5+ Ke6 38. Re2+ Kd5 39. Re5+ Kc6 40. Bf2 Rf3 41. Kg2 Rxf4 42. Re6+ Kb5 43. Rxg6 Kxa5 44. Rg4 Rxg4+ 45. hxg4 Nh6 46. g5 Nf5 47. g6 b5 48. Kf3 b4 49. Kf4 b3 50. Kxf5 b2 51. g7 b1=Q+ 52. Kf6 Qb8 53. Bxh4 Qg8 54. Kg6 Kb5 55. Bf6 a5 0-1


[Site "https://www.chess.com"]

[Event "Titled Tuesday Blitz October 5 2021"]
[White "Shuvalov, Evgenij"]
[Black "Begmuratov, Khumoyun"]
[WhiteFideId "4187237"]
[BlackFideId "14210207"]
[WhiteElo "2129"]
[BlackElo "1948"]
[Result "1-0"]
[Round "02"]
[TimeControl "180+1"]
[Date "2021.10.05"]
[WhiteClock "0:00:14"]
[BlackClock "0:00:04"]

1. Nf3 Nf6 2. c4 g6 3. Nc3 Bg7 4. e4 d6 5. d4 O-O 6. Be2 b6 7. O-O Bb7 8. Qc2 Nbd7 9. Rd1 c5 10. d5 a6 11. a4 Ne8 12. b3 Nc7 13. Bb2 h6 14. h3 Kh7 15. Rd2 Rb8 16. Re1 Ne5 17. Nxe5 dxe5 18. Red1 Ne8 19. Ba3 a5 20. Nb5 Nd6 21. Bb2 Qd7 22. Rf1 f5 23. exf5 gxf5 24. f4 e4 25. Bxg7 Kxg7 26. Kh2 Nxb5 27. axb5 Qd6 28. Qc3+ Kh7 29. Qe5 Rf6 30. Bd1 Rg8 31. g4 fxg4 32. Qxe4+ Kh8 33. Bxg4 Rfg6 34. Qe5+ Rf6 35. Rdf2 Bc8 36. Bxc8 Rxc8 37. Qxd6 exd6 38. Re1 Kg7 39. Re7+ Rf7 40. Re6 Rf6 41. f5 Kf7 42. Rfe2 Rc7 43. Rg2 Rd7 44. Rg6 Rxf5 45. Rxh6 Kg7 46. Rhg6+ Kh7 47. Rh6+ Kg7 48. Rhg6+ Kh7 49. Rxd6 Rdf7 50. h4 Rf4 51. Kh3 Rf3+ 52. Rg3 Rf1 53. Rxb6 Rh1+ 54. Kg2 Rb1 55. Ra6 Rff1 56. Rxa5 Rfe1 57. Ra7+ Kh6 58. d6 Rb2+ 59. Kh3 Rh1+ 60. Kg4 Rd2 61. d7 Rf1 62. Rf3 Rg1+ 63. Kf5 Rg7 64. Ke6 Rg6+ 65. Rf6 Re2+ 66. Kf7 Rxf6+ 67. Kxf6 Rd2 68. Ke7 Re2+ 69. Kd6 Rd2+ 70. Kxc5 1-0


[Site "https://www.chess.com"]

[Event "Titled Tuesday Blitz October 5 2021"]
[White "Siva Mahadevan"]
[Black "King, Alexander"]
[WhiteFideId "25043153"]
[BlackFideId "2063620"]
[WhiteElo "2203"]
[BlackElo "2306"]
[Result "1-0"]
[Round "02"]
[TimeControl "180+1"]
[Date "2021.10.05"]
[WhiteClock "0:00:50"]
[BlackClock "0:00:02"]

1. e4 c5 2. Nf3 e6 3. d4 cxd4 4. Nxd4 a6 5. Nc3 Qc7 6. Bd3 Nf6 7. O-O Bc5 8. Nb3 Be7 9. a4 Nc6 10. Qe2 d6 11. Bd2 b6 12. Rae1 Bb7 13. Kh1 Nb4 14. f4 Nd7 15. f5 Nxd3 16. cxd3 e5 17. Qg4 Bf6 18. Bg5 O-O 19. Bxf6 Nxf6 20. Qh4 Qe7 21. Nd2 h6 22. Nc4 Qd8 23. Qf2 b5 24. axb5 axb5 25. Nxb5 Ra6 26. Ra1 Rxa1 27. Rxa1 d5 28. exd5 Qxd5 29. Nc3 Qxd3 30. Nxe5 Qd6 31. Nc4 Qc7 32. Ne3 Re8 33. Re1 Kh7 34. Kg1 Qb6 35. Re2 Ba6 36. Re1 Bb7 37. h3 Qc5 38. Kh2 Qe5+ 39. Qg3 Qc5 40. Ng4 Nxg4+ 41. hxg4 Rxe1 42. Qxe1 Qb4 43. Qe2 Bc6 44. Kh3 Qf4 45. Qd3 Qf2 46. Qe2 Bxg2+ 47. Kh2 Qxe2 48. Nxe2 Bf3 49. Nd4 Bxg4 50. b4 g6 51. b5 1-0


[Site "https://www.chess.com"]

[Event "Titled Tuesday Blitz October 5 2021"]
[White "Sjugirov, Sanan"]
[Black "Korchmar, Vasiliy"]
[WhiteFideId "4189302"]
[BlackFideId "24131750"]
[WhiteElo "2654"]
[BlackElo "2370"]
[Result "1-0"]
[Round "02"]
[TimeControl "180+1"]
[Date "2021.10.05"]
[WhiteClock "0:00:03"]
[BlackClock "0:00:02"]

1. d4 d5 2. c4 c6 3. Nf3 Nf6 4. Nc3 a6 5. e3 e6 6. b3 Bb4 7. Bd2 O-O 8. Bd3 Nbd7 9. O-O Qe7 10. Qc2 e5 11. cxd5 Bxc3 12. d6 Qe8 13. Bxc3 e4 14. Nd2 exd3 15. Qxd3 Qe6 16. Bb4 a5 17. Ba3 b5 18. Bc5 b4 19. Rfe1 Ba6 20. Qc2 Nd5 21. a3 Rfb8 22. e4 Nf4 23. Re3 Qg6 24. g3 Ne6 25. Nf3 Nexc5 26. dxc5 Rb5 27. axb4 axb4 28. Qd2 Qf6 29. e5 Qh6 30. Nd4 Rxc5 31. e6 fxe6 32. Qxb4 Qh3 33. Qe1 Rh5 34. Nf3 Bb7 35. Rxa8+ Bxa8 36. Rxe6 c5 37. Re8+ Nf8 38. Rxa8 Qf5 39. Qd1 Kh8 40. d7 1-0


[Site "https://www.chess.com"]